 Dungeon Crawl Stone Soup version 0.18.1-50-g88ac8fd (webtiles) character file.

117 Nahar the Shield-Bearer (level 5, -5/33 HPs)
             Began as a Gargoyle Fighter on Oct 20, 2016.
             Killed by divine providence
             ... invoked by an orc priest
              (16 damage)
             ... on level 3 of the Dungeon.
             The game lasted 00:09:42 (1301 turns).

Nahar the Shield-Bearer (Gargoyle Fighter)          Turns: 1301, Time: 00:09:44

Health: -5/33      AC: 11    Str: 21    XL:     5   Next: 1%
Magic:  5/5        EV:  7    Int:  8    God:
Gold:   101        SH: 10    Dex:  9    Spells: 0 memorised, 4 levels left

rFire  . . .     SeeInvis .     a - +1 war axe
rCold  . . .     Gourm    .     b - +0 scale mail
rNeg   + . .     Faith    .     c - +1 shield
rPois  ∞         Spirit   .     (no helmet)
rElec  +         Dismiss  .     (no cloak)
rCorr  .         Reflect  .     (no gloves)
SustAt .         Harm     .     (no boots)
MR     .....                    (no amulet)
Stlth  ..........               (no ring)
                                (no ring)

@: slowed, very slow, not resistant to hostile enchantments, extremely
unstealthy
A: negative energy resistance 1, electricity resistance, unbreathing,
petrification resistance, rot immunity, AC +4
a: no special abilities


You were on level 3 of the Dungeon.
You were not hungry.

You visited 1 branch of the dungeon, and saw 3 of its levels.

You collected 101 gold pieces.

Inventory:

Hand Weapons
 a - a +1 war axe (weapon)
Armour
 b - a +0 scale mail (worn)
 c - a +1 shield (worn)
Jewellery
 o - an uncursed amulet of dismissal {unknown}
Wands
 j - a wand of teleportation (5/9)
Scrolls
 h - a scroll of enchant armour
Potions
 d - a potion of might
 e - a potion of cure mutation {unknown}
 i - 2 potions of invisibility
 k - a potion of flight {unknown}
 l - a potion of lignification {unknown}
 m - a potion of heal wounds
 n - a potion of curing {unknown}
 p - a potion of haste {unknown}
Comestibles
 f - 2 bread rations
 g - 2 meat rations


   Skills:
 + Level 3.9 Fighting
 * Level 2.4 Axes
 * Level 3.8 Armour
 + Level 0.8 Dodging
 * Level 4.5 Shields


You had 4 spell levels left.
You didn't know any spells.

Dungeon Overview and Level Annotations

Branches:
Dungeon (3/15)

Altars:
Gozag


Innate Abilities, Weirdness & Mutations

You are resistant to torment.
Your stone body is resilient (AC +4).
You are immune to poison.
You resist negative energy.
You are resistant to electric shocks.
You can survive without breathing.
You are immune to petrification.
You are immune to rotting.


Message History

You block the orc's attack.
The orc wizard hits you but does no damage.
The orc hits you.
The orc priest hits you but does no damage.
You block the orc's attack.
The orc wizard gestures at you while chanting.
The magic dart hits you! The orc closely misses you.
You slash the orc wizard!
You kill the orc wizard!
You slash the orc!
You kill the orc!
You have reached level 5!
You hit the orc priest.
The orc priest is lightly wounded.
You slash the orc!
You kill the orc!
The orc priest hits you with a mace.
The orc priest calls down the wrath of Beogh upon you.
Beogh smites you!
You die...

#### #### #..
....
#######.##..#
......o@)...#
######
#######)##.?....
.....> #.# #####
# #.# # #.# #
#.# # #.# # #>#
# #.# #


You could see an orc priest.

Vanquished Creatures
  An orc wizard (D:3)
  4 adders
  2 giant geckos
  4 orcs (D:3)
  A ball python (D:2)
  3 bats (D:1)
  5 giant cockroaches
  5 goblins
  6 hobgoblins
  A quokka (D:3)
  2 giant newts
  7 kobolds
  4 rats (D:1)
45 creatures vanquished.

Notes
Turn   | Place    | Note
--------------------------------------------------------------
     0 | D:1      | Nahar the Gargoyle Fighter began the quest for the Orb.
     0 | D:1      | Reached XP level 1. HP: 14/14 MP: 1/1
   118 | D:1      | Reached XP level 2. HP: 16/19 MP: 2/2
   692 | D:2      | Reached XP level 3. HP: 23/23 MP: 3/3
   765 | D:2      | Found an opulent altar of Gozag.
   894 | D:2      | Reached skill level 4 in Shields
  1163 | D:3      | Reached XP level 4. HP: 22/29 MP: 4/4
  1301 | D:3      | Reached XP level 5. HP: 16/33 MP: 5/5
  1301 | D:3      | Killed from afar by an orc priest

Skill      XL: |  1  2  3 |
---------------+----------+-----
Axes           | 2 |  2.4
Shields        | 4 |  4.5
Fighting       | |  3.9
Armour         | |  3.8
Dodging        | |  0.8

Action                   |  1- 3 |  4- 6 || total
-------------------------+-------+-------++-------
Melee: War axe           |   113 |    35 ||   148
  Use: Scroll            |     3 |     2 ||     5
       Potion            |       |     1 ||     1
  Eat: Fruit             |     3 |       ||     3
Armor: Scale mail        |    73 |    24 ||    97
Dodge: Dodged            |    38 |    10 ||    48
Block: Shield            |    72 |    25 ||    97
